Map: Hardwire LE

Players

skier

  • Race: Terran Terran
  • Spawn Location: 1:00

lazyboy - Winner!

  • Race: Protoss Protoss
  • League: Platinum
  • Spawn Location: 7:00

VOD

Have the link to the VOD?

Description

Time

  • Played on: May 15, 2022, 3:56 p.m.
  • Length: 25:12
Show
View Real Time Build Order
Export as new Build Order

skier Terran 

Build Orders:  

Get SALT Encoding   

  12  0:01  SCV  
  13  0:14  Supply Depot  
  13  0:18  SCV  
  14  0:44  SCV  
  14  0:48  Barracks  
  15  0:54  Barracks  
  15  0:56  SCV  
  16  1:02  Refinery  
  16  1:08  SCV  
  17  1:20  SCV  
  18  1:32  SCV  
  18  1:36  Barracks Tech Lab  
  19  1:41  Marine  
  19  1:46  Supply Depot  
  20  1:50  Orbital Command  
  20  1:54  Marauder  
  20  1:59  Marine  
  23  2:06  Concussive Shells  
  23  2:16  Marauder, Marine  
  26  2:27  SCV  
  27  2:32  Refinery  
  27  2:42  Command Center  
  28  2:44  SCV  
  28  2:50  Marine  
  29  2:51  Marine  
  29  2:56  SCV  
  27  3:26  Marine x2  
  26  3:36  SCV  
  27  3:41  Factory  
  27  3:44  Marine  
  27  3:45  Marauder  
  27  3:48  SCV  
  31  3:55  Engineering Bay  
  31  3:56  Orbital Command  
  31  4:00  SCV  
  32  4:04  Marine  
  33  4:11  Marine  
  33  4:12  SCV  
  33  4:16  Stimpack  
  35  4:24  Marine  
  35  4:26  Factory Tech Lab  
  35  4:27  Starport  
  35  4:28  Marine  
  37  4:34  Orbital Command  
  37  4:41  Missile Turret  
  37  4:57  Supply Depot, Bunker  
  37  4:58  Supply Depot  
  37  4:59  Supply Depot  
  37  5:01  SCV x2  
  39  5:13  SCV  
  40  5:14  SCV  
  40  5:15  Marine x2  
  40  5:17  Siege Tank  
  40  5:19  Medivac  
  48  5:26  Missile Turret  
  48  5:34  SCV x2  
  50  5:41  Refinery  
  50  5:42  Refinery  
  50  5:46  SCV x2  
  50  5:47  Missile Turret  
  50  5:48  Missile Turret, Hi-Sec Auto Tracking  
  52  5:50  Marine x2  
  54  5:57  Medivac  
  54  5:58  SCV  
  54  5:59  SCV  
  58  6:08  Missile Turret  
  58  6:10  SCV  
  60  6:11  SCV  
  60  6:18  Sensor Tower  
  60  6:22  Marine x2, SCV  
  60  6:23  SCV  
  64  6:35  SCV x2  
  64  6:39  Marine  
  66  6:40  Marine  
  66  6:46  Starport Tech Lab  
  69  6:47  SCV x2  
  69  6:49  Terran Infantry Weapons Level 1  
  70  7:01  Combat Shield  
  70  7:07  Command Center  
  70  7:11  Armory, Supply Depot  
  70  7:13  Supply Depot  
  70  7:32  Marine x2  
  70  7:35  Supply Depot  
  63  7:50  Marine x2  
  54  8:00  Medivac  
  54  8:02  Siege Tank  
  59  8:08  Marine x2  
  61  8:25  Marine x2  
  63  8:30  Medivac  
  65  8:43  Marine x2  
  65  8:45  Planetary Fortress  
  67  8:49  SCV x2  
  67  8:55  Missile Turret  
  69  8:57  Missile Turret  
  69  8:58  Sensor Tower  
  69  9:01  SCV x2  
  71  9:06  Marine x2  
  71  9:08  Raven  
  75  9:12  Fusion Core  
  75  9:15  Starport  
  75  9:16  Terran Ship Weapons Level 1, Starport  
  75  9:22  Armory  
  75  9:23  Marine  
  75  9:24  Marine  
  77  9:32  Refinery  
  77  9:33  Refinery  
  77  9:53  Starport Tech Lab x2  
  77  9:57  Command Center  
  77  10:01  Battlecruiser  
  83  10:22  Battlecruiser  
  89  10:38  Supply Depot  
  89  10:39  Supply Depot  
  89  10:41  Supply Depot  
  89  10:44  Marauder, Marine  
  89  10:46  Siege Tank  
  95  10:53  Battlecruiser  
  101  11:00  Terran Vehicle And Ship Armor Level 1  
  101  11:02  Marine, Supply Depot  
  102  11:06  Marauder  
  104  11:19  Battlecruiser  
  104  11:20  Marine  
  111  11:43  SCV x3  
  114  11:52  Bunker  
  114  11:55  SCV  
  114  11:58  Battlecruiser  
  114  11:59  Battlecruiser  
  127  12:07  Terran Ship Weapons Level 2  
  127  12:23  Missile Turret  
  127  12:31  Battlecruiser  
  133  12:38  Weapon Refit  
  133  12:40  Marine x2  
  133  12:42  Missile Turret, Hellbat  
  137  12:50  Command Center  
  137  12:53  Command Center  
  137  12:58  Marine x2  
  137  12:59  Neosteel Armor  
  137  13:04  Hellbat  
  141  13:08  Planetary Fortress  
  141  13:16  Marine  
  141  13:17  SCV x3  
  145  13:22  Battlecruiser  
  145  13:25  Hellbat  
  153  13:29  SCV  
  154  13:37  SCV x2  
  156  13:44  Bunker  
  156  13:46  Supply Depot  
  156  13:49  Supply Depot  
  156  13:52  Missile Turret  
  156  13:54  Refinery  
  156  13:57  Refinery  
  156  14:01  SCV x2  
  156  14:02  Hellbat  
  160  14:03  Battlecruiser  
  160  14:05  Battlecruiser  
  160  14:07  Marine x2  
  174  14:12  Supply Depot  
  174  14:13  Supply Depot  
  174  14:22  Sensor Tower  
  174  14:23  Hellbat  
  176  14:25  Marine x2  
  178  14:33  Battlecruiser  
  184  14:42  Missile Turret  
  184  14:43  Marine  
  185  14:51  Marauder  
  187  14:54  Hellbat  
  187  14:56  Infernal Pre-Igniter  
  189  15:00  Marine  
  189  15:01  Ghost Academy  
  190  15:13  Marauder  
  192  15:15  Hellbat  
  130  16:17  Battlecruiser x2  
  130  16:18  Marine, Battlecruiser  
  148  16:19  Marine  
  148  16:20  Hellbat  
  152  16:36  Marine x2  
  154  16:42  Hellbat  
  156  16:54  Marine x2  
  156  16:55  Terran Vehicle And Ship Armor Level 2, Terran Infantry Weapons Level 2  
  156  16:56  Terran Ship Weapons Level 3  
  158  17:03  Hellbat  
  157  17:12  Marine x2  
  159  17:21  Battlecruiser  
  159  17:22  Battlecruiser  
  157  17:32  Marauder, Marine  
  157  17:34  Hellbat  
  162  17:50  Marine  
  163  17:54  Marauder  
  163  17:55  Hellbat  
  167  18:00  Raven  
  169  18:08  Marine  
  169  18:10  Barracks x2  
  170  18:15  Marine  
  170  18:16  Barracks  
  170  18:17  Barracks  
  171  18:25  Medivac  
  171  18:26  Medivac, Marine  
  176  18:43  Medivac  
  178  19:10  Missile Turret  
  178  19:11  Missile Turret  
  178  19:12  Terran Vehicle Weapons Level 1  
  178  19:14  Missile Turret  
  178  19:16  Missile Turret  
  151  20:56  Marine x2  
  153  20:58  Liberator  
  156  21:26  Liberator, Marine x2  
  156  21:30  Liberator  
  134  21:41  Liberator  
  134  21:44  Marine x2  
  127  21:49  Cyclone  
  130  22:02  Marine x2  
  132  22:09  Liberator  
  132  22:12  Liberator  
  138  22:19  Marine x2  
  138  22:21  Cyclone  
  127  22:24  Liberator  
  110  22:56  Marine  
  110  22:57  Marine  
  107  22:58  Liberator  
  101  23:39  Marine x2  
  101  23:40  Cyclone  
  101  23:41  Liberator x2  
  84  23:42  Liberator  
  60  23:57  Marine x2  
  48  24:12  Cyclone  
  48  24:14  Marine  
  48  24:15  Marine  
  50  24:24  Liberator  
  44  24:32  Marine  
  44  24:33  Marine  
Show
View Real Time Build Order
Export as new Build Order

lazyboy Protoss - Winner!

Build Orders: 1 Gate Expand, Carriers, Zealot Archon 

Get SALT Encoding   

  12  0:00  Probe  
  13  0:14  Pylon  
  13  0:18  Probe  
  14  0:30  Probe (Chrono Boost)  
  14  0:33  Gateway  
  15  0:42  Probe (Chrono Boost)  
  16  0:47  Probe (Chrono Boost)  
  16  0:48  Assimilator  
  17  0:56  Probe  
  18  1:08  Probe  
  19  1:22  Nexus  
  19  1:31  Cybernetics Core  
  19  1:52  Pylon  
  19  1:53  Probe (Chrono Boost), Assimilator  
  20  2:03  Probe (Chrono Boost)  
  20  2:04  Gateway  
  20  2:07  Probe (Chrono Boost)  
  21  2:10  Stalker (Chrono Boost)  
  24  2:18  Warp Gate  
  24  2:19  Probe  
  25  2:32  Stalker (Chrono Boost)  
  28  2:39  Probe (Chrono Boost)  
  28  2:40  Probe (Chrono Boost)  
  29  2:50  Probe (Chrono Boost)  
  31  2:52  Probe (Chrono Boost), Pylon  
  31  2:54  Probe (Chrono Boost)  
  32  2:59  Pylon  
  32  3:00  Probe  
  31  3:13  Probe (Chrono Boost)  
  31  3:18  Probe (Chrono Boost)  
  31  3:23  Probe (Chrono Boost)  
  31  3:26  Probe (Chrono Boost)  
  33  3:27  Shield Battery  
  33  3:28  Probe (Chrono Boost), Shield Battery  
  34  3:36  Shield Battery  
  34  3:37  Probe  
  34  3:39  Probe  
  34  3:40  Pylon  
  36  3:45  Sentry  
  36  3:46  Stalker  
  40  4:03  Assimilator  
  40  4:04  Probe x2  
  40  4:06  Assimilator  
  42  4:16  Probe x2  
  44  4:23  Robotics Facility  
  44  4:26  Twilight Council  
  44  4:28  Probe x2  
  44  4:29  Forge  
  46  4:43  Nexus  
  46  4:46  Probe x2  
  48  4:58  Probe x2, Stalker x2  
  54  5:05  Templar Archives  
  54  5:08  Pylon  
  54  5:12  Pylon  
  54  5:15  Forge  
  54  5:19  Protoss Ground Weapons Level 1  
  54  5:22  Charge  
  54  5:25  Zealot  
  54  5:27  Zealot  
  58  5:34  Pylon  
  58  5:36  Probe x2  
  60  5:44  Pylon  
  60  5:48  Probe, Pylon  
  60  5:49  Probe  
  62  5:52  Stalker  
  62  5:54  Stalker  
  62  5:56  Observer  
  67  6:00  Protoss Ground Armor Level 1  
  67  6:06  Probe x2  
  67  6:07  Probe  
  70  6:14  Photon Cannon  
  70  6:18  Probe  
  70  6:19  Probe x2  
  70  6:20  Stalker x2  
  77  6:27  Robotics Bay  
  77  6:34  Probe  
  77  6:35  Probe x2, Robotics Facility  
  77  6:39  Pylon  
  80  6:44  High Templar x2  
  80  6:47  Probe x3  
  86  6:49  Archon  
  87  6:55  Gateway  
  87  7:04  Gateway  
  87  7:06  Gateway  
  87  7:08  Photon Cannon  
  87  7:13  Shield Battery  
  87  7:14  Photon Cannon  
  87  7:19  Pylon  
  87  7:24  Gateway  
  87  7:26  Pylon, Colossus  
  87  7:29  Colossus  
  99  7:34  Stalker  
  99  7:35  Stalker  
  87  7:46  Probe (Chrono Boost)  
  87  7:47  Probe (Chrono Boost)  
  87  7:48  Probe (Chrono Boost)  
  84  7:57  Probe x3 (Chrono Boost)  
  87  8:01  Probe (Chrono Boost)  
  87  8:02  Probe x2 (Chrono Boost)  
  90  8:06  Assimilator  
  90  8:08  Assimilator  
  90  8:10  Pylon, Stalker  
  92  8:13  Probe x2  
  92  8:19  Pylon  
  92  8:30  Gateway  
  92  8:32  Pylon  
  92  8:36  Pylon  
  92  8:39  Pylon  
  92  8:41  Probe x2  
  92  8:42  Probe  
  92  8:43  Nexus  
  92  8:44  Protoss Ground Armor Level 2, Protoss Ground Weapons Level 2  
  95  8:49  Observer  
  95  8:53  Probe x2, Immortal  
  95  8:54  Probe  
  103  9:00  Shield Battery  
  103  9:02  Shield Battery  
  103  9:08  High Templar x2  
  103  9:09  High Templar x2  
  111  9:11  Zealot x2  
  111  9:12  Archon  
  111  9:13  Archon  
  111  9:15  Shield Battery  
  111  9:17  Shield Battery  
  115  9:21  Photon Cannon  
  115  9:23  Extended Thermal Lance (Chrono Boost)  
  115  9:30  Probe x3  
  118  9:42  Probe x3  
  121  9:48  Pylon  
  121  9:51  Pylon  
  121  9:54  Probe, Pylon  
  121  9:56  Shield Battery  
  121  9:58  Shield Battery, Pylon  
  121  9:59  Pylon  
  122  10:04  Probe x2, Pylon  
  122  10:05  Probe  
  122  10:06  Probe  
  126  10:08  High Templar, Assimilator  
  126  10:09  High Templar  
  126  10:10  High Templar x2  
  126  10:11  High Templar x2  
  126  10:13  Assimilator, Archon  
  138  10:14  Archon  
  138  10:15  Archon  
  138  10:16  Probe x2  
  138  10:17  Probe  
  138  10:21  Photon Cannon  
  141  10:22  Pylon  
  141  10:29  Pylon  
  141  10:33  Gateway  
  141  10:36  Pylon  
  141  10:43  High Templar x2  
  141  10:44  High Templar  
  141  10:45  High Templar  
  141  10:46  Zealot  
  141  10:47  Zealot x2  
  141  10:49  Archon x2  
  155  10:52  Gateway  
  155  10:54  Gateway  
  155  10:57  Gateway  
  155  10:59  Gateway  
  155  11:03  Gateway  
  155  11:05  Gateway  
  155  11:06  Photon Cannon x2  
  155  11:07  Photon Cannon  
  155  11:10  Shield Battery  
  155  11:11  Shield Battery  
  155  11:13  Pylon  
  155  11:15  Probe x4  
  159  11:22  High Templar x2  
  159  11:24  High Templar  
  159  11:25  High Templar x2  
  167  11:26  High Templar  
  167  11:27  Probe x2, Zealot  
  167  11:29  Archon  
  167  11:30  Archon x2  
  175  11:33  Blink  
  175  11:37  Protoss Shields Level 1 (Chrono Boost)  
  175  11:49  Zealot x3  
  181  11:54  Gateway  
  181  11:56  Gateway  
  181  11:58  Gateway  
  181  12:01  Pylon  
  181  12:02  Colossus  
  181  12:03  Colossus  
  181  12:06  Pylon  
  193  12:10  Pylon  
  193  12:11  Gateway  
  193  12:13  Gateway  
  193  12:16  Photon Cannon  
  193  12:31  Stargate, Nexus  
  193  12:35  Gateway  
  193  12:37  Gateway  
  193  12:38  Gateway  
  193  12:40  Photon Cannon  
  193  12:41  Photon Cannon  
  193  12:43  Pylon, Photon Cannon  
  193  12:44  Shield Battery  
  193  12:46  Shield Battery  
  193  12:47  Photon Cannon  
  193  12:51  Photon Cannon x2  
  193  12:53  Photon Cannon  
  193  12:56  Photon Cannon  
  193  13:03  Pylon  
  193  13:10  Assimilator  
  193  13:12  Assimilator  
  193  13:15  Protoss Ground Weapons Level 3 (Chrono Boost), Cybernetics Core  
  192  13:29  Protoss Air Weapons Level 1  
  192  13:30  Nexus  
  192  13:38  Protoss Ground Armor Level 3  
  192  13:39  Pylon  
  192  13:43  Fleet Beacon  
  192  13:47  Photon Cannon  
  192  13:48  Photon Cannon  
  192  13:50  Pylon  
  192  13:53  Shield Battery  
  192  13:57  Pylon  
  192  14:08  High Templar x2  
  192  14:09  Protoss Air Armor Level 1  
  196  14:12  Archon  
  196  14:59  Nexus  
  196  15:01  Pylon  
  196  15:04  Gateway  
  196  15:06  Assimilator  
  196  15:07  Assimilator  
  196  15:12  Pylon  
  196  15:23  Assimilator  
  196  15:25  Assimilator  
  196  15:28  Pylon  
  196  15:31  Pylon  
  125  15:45  Stalker  
  125  15:46  Stalker x10  
  125  15:47  Stalker x7  
  125  15:49  Stalker x4  
  106  16:09  Dark Shrine  
  106  16:13  Carrier (Chrono Boost)  
  112  16:24  Dark Shrine  
  112  16:26  Shield Battery  
  112  16:27  Protoss Air Weapons Level 2  
  112  16:28  Protoss Air Armor Level 2, Stargate  
  112  16:30  Stargate  
  112  16:37  Stargate  
  112  16:40  Stargate, Zealot x3  
  112  16:41  Zealot x8  
  112  16:42  Zealot x7  
  143  17:10  Carrier  
  113  17:35  Dark Templar x8  
  113  17:36  Dark Templar x6  
  141  17:38  Probe x2  
  141  17:40  Probe  
  141  17:42  Probe  
  141  17:43  Probe  
  146  18:11  Carrier (Chrono Boost)  
  152  18:34  Carrier x2 (Chrono Boost)  
  152  18:35  Carrier x2 (Chrono Boost)  
  176  18:42  Shadow Stride  
  168  19:13  Nexus  
  168  19:14  Pylon  
  168  19:16  Carrier  
  174  19:18  Mothership (Chrono Boost), Pylon  
  182  19:26  Pylon  
  182  19:29  Pylon  
  182  19:38  Nexus  
  182  19:42  Pylon  
  180  20:35  Void Ray  
  180  20:36  Void Ray x3  
  180  20:37  Void Ray  
  168  20:57  Zealot x11, Cybernetics Core  
  158  20:58  Zealot x7  
  177  21:33  Dark Templar  
  177  21:34  Dark Templar x7  
  172  21:57  Cybernetics Core  
  172  21:59  Forge  
  172  22:02  Probe x3  
  172  22:04  Assimilator  
  172  22:06  Assimilator  
  175  22:14  Probe x2  
  141  22:39  Stalker  
  141  22:40  Stalker x10  
  141  22:41  Stalker  
  131  23:19  Stalker x5  
  141  23:20  Stalker x5  
  95  24:11  Zealot  
  95  24:12  Zealot x10  
  95  24:13  Zealot x3  
  107  24:50  Assimilator  
  107  24:52  Assimilator  
  95  24:55  Gateway  
  95  24:57  Gateway x2  
  95  24:58  Gateway  
  89  25:04  Nexus  
  89  25:07  Pylon  
  89  25:09  Pylon  
Tags
 
Add a new tag
Caveats
  • Supply blocks, unpowered buildings, or Contaminate may cause inaccurate times.
  • Supply counts are checked every 10 seconds.